 Dungeon Crawl Stone Soup version 0.14-a0-942-gbd853f2 (webtiles) character file.

134 PolkaDot the Ruinous (level 4, -1/30 HPs)
             Began as a Vampire Conjurer on Nov 19, 2013.
             Killed from afar by an orc wizard (7 damage)
             ... with a puff of frost
             ... on Level 3 of the Dungeon.
             The game lasted 00:06:10 (2309 turns).

PolkaDot the Ruinous (Vampire Conjurer)             Turns: 2309, Time: 00:06:10

HP  -1/30        AC  2     Str  7      XL: 4   Next:  3%
MP   5/8         EV 12     Int 18      God:
Gold 64          SH  0     Dex 14      Spells:  2 memorised,  2 levels left

Res.Fire  : . . .   See Invis. : +   i - +1,+0 elf short sword
Res.Cold  : . . .   Warding    : .   a - +0 robe
Life Prot.: . . .   Conserve   : .   (no shield)
Res.Poison: .       Res.Corr.  : .   (no helmet)
Res.Elec. : .       Clarity    : .   (no cloak)
Sust.Abil.: . .     Spirit.Shd : .   (no gloves)
Res.Mut.  : .       Stasis     : .   (no boots)
Res.Rott. : .       Flight     : .   (no amulet)
Saprovore : . . .                    (no ring)
                                     (no ring)

@: regenerating quickly, slightly resistant to hostile enchantments, stealthy
A: fangs 3, see invisible, unbreathing
a: no special abilities


You were on level 3 of the Dungeon.
You were very full.

You visited 1 branch of the dungeon, and saw 3 of its levels.

You collected 64 gold pieces.

Inventory:

Hand weapons
 i - a +1,+0 elven short sword (weapon)
Armour
 a - a +0 robe (worn)
Scrolls
 f - a scroll of fear {unknown}
 h - a scroll of fog {unknown}
 k - a scroll of curse armour {unknown}
 l - a scroll of random uselessness {unknown}
 m - a scroll of remove curse {unknown}
 n - a scroll of noise {unknown}
Books
 c - a book of Conjurations

   Spells                             Type                      Level
   *Magic Dart                        Conjuration                  1
   *Searing Ray                       Conjuration                  2
   Dazzling Spray                     Conjuration/Hexes            3
   Iskenderun's Mystic Blast          Conjuration                  4
   Iskenderun's Battlesphere          Conjuration/Charms           4
   Fulminant Prism                    Conjuration/Hexes            5


   Skills:
 - Level 2.1 Dodging
 - Level 3.0 Stealth
 - Level 1.0 Spellcasting
 * Level 4.2 Conjurations


You had 2 spell levels left.
You knew the following spells:

 Your Spells              Type           Power        Failure   Level  Hunger
a - Magic Dart            Conj           ###.         4%          1    ##.....
s - Searing Ray           Conj           ###...       8%          2    ###....


Dungeon Overview and Level Annotations

Branches:
Dungeon (3/16)

Altars:


Innate Abilities, Weirdness & Mutations

Your natural rate of healing is unusually fast.
You have razor-sharp teeth.*
You have supernaturally acute eyesight.
You can survive without breathing.*


Message History

Items here: %% ))) [[ You close the door.
Casting: Searing Ray
Confirm with . or Enter, or press ? or * to list all spells.
Aiming: Searing Ray
Press: ? - help, Shift-Dir - straight line, f - orc wizard
Aim: an orc wizard, wielding a glowing orcish dagger and wearing an orcish robe (moving very quickly)
The searing ray hits the orc wizard.
The orc wizard is lightly wounded.
The orc wizard gestures at you while chanting.
The puff of frost hits you!
The orc wizard gestures at you while chanting.
The magic dart hits you!
* * * LOW HITPOINT WARNING * * *
The searing ray hits the orc wizard.
The orc wizard is heavily wounded.
A goblin opens the door.
The orc wizard points at you and mumbles some strange words.
The puff of frost hits you!
You die...

#..# ##.### #####
###....# #.....
#......# #......
###.#....# #.......
#.g.#....# #........
..###..%.#####
#........ ###
#.......o#####........#
#....###...)@'g.......#
#....# #######........#
#....# #........#
##.### ##......##
#####o.## ###.######
##.<..o..# #.....#####
.#.......# #)........#
.........# #.....###.#
##.......# #.....# ###


You could see an orc wizard and a goblin.

Vanquished Creatures
  2 adders (D:2)
  A worm (D:2)
  4 orcs (D:3)
  2 giant cockroaches
  5 goblins
  3 hobgoblins
  7 kobolds
  10 bats
  A giant gecko (D:1)
  3 giant newts (D:2)
  4 rats (D:2)
42 creatures vanquished.

Notes
Turn   | Place    | Note
--------------------------------------------------------------
     0 | D:1      | PolkaDot, the Vampire Conjurer, began the quest for the Orb.
     0 | D:1      | Reached XP level 1. HP: 13/13 MP: 4/4
   343 | D:1      | Reached XP level 2. HP: 19/19 MP: 2/5
   378 | D:1      | Learned a level 2 spell: Searing Ray
  1369 | D:2      | Reached XP level 3. HP: 21/24 MP: 6/6
  1818 | D:2      | Reached skill level 4 in Conjurations
  2222 | D:3      | Reached XP level 4. HP: 23/30 MP: 1/8
  2309 | D:3      | Killed from afar by an orc wizard

Action                   |  1- 3 |  4- 6 || total
-------------------------+-------+-------++-------
Melee: Short sword       |    27 |     3 ||    30
 Cast: Magic Dart        |    42 |       ||    42
       Searing Ray       |     6 |     1 ||     7
  Use: Potion            |     7 |       ||     7
 Stab: Sleeping          |     2 |       ||     2
